 Dungeon Crawl Stone Soup version 0.22-a0-614-g34fbaa0 (webtiles) character file.

4 pox the Grave Robber (level 1, -4/14 HPs)
             Began as a Ghoul Necromancer on July 19, 2018.
             Killed from afar by a dart slug (7 damage)
             ... with a slug dart
             ... on level 1 of the Dungeon.
             The game lasted 00:13:59 (682 turns).

pox the Grave Robber (Ghoul Necromancer)             Turns: 682, Time: 00:13:59

Health: -4/14      AC:  2    Str: 11    XL:     1   Next: 60%
Magic:  0/2        EV: 12    Int: 10    God:
Gold:   0          SH:  0    Dex:  9    Spells: 2/3 levels left

rFire    . . .     SeeInvis .   (no weapon)
rCold    + . .     Gourm    .   (no shield)
rNeg     + + +     Faith    .   a - +0 robe
rPois    ∞         Spirit   .   (no helmet)
rElec    .         Reflect  .   (no cloak)
rCorr    .         Harm     .   (no gloves)
MR       .....                  (no boots)
Stlth    ++........             (no amulet)
HPRegen  0.00/turn              (no ring)
MPRegen  0.08/turn              (no ring)

@: rotting
A: rotting body, claws 1, carnivore, cold resistance 1, negative energy
resistance 3, inhibited regeneration, torment resistance, unbreathing
a: no special abilities


You were on level 1 of the Dungeon.
You were not hungry.

You visited 1 branch of the dungeon, and saw 1 of its levels.

Inventory:

Hand Weapons
 b - a +0 club
 c - a +0 whip
 i - a +0 club
 j - a +0 mace
Missiles
 e - 72 stones (quivered)
 f - 18 bolts
Armour
 a - a +0 robe (worn)
 g - a +0 leather armour
 h - a +0 ring mail
Scrolls
 d - a scroll of identify {unknown}
Comestibles
 k - a ration


   Skills:
 + Level 1.8 Dodging
 + Level 2.2 Stealth
 + Level 1.8 Spellcasting
 + Level 4.1 Necromancy


You had 2 spell levels left.
You knew the following spells:

 Your Spells              Type           Power        Failure   Level  Hunger
a - Pain                  Necr           #...         6%          1    ##.....

Your spell library contained the following spells:

 Spells                   Type           Power        Failure   Level  Hunger
 Animate Dead             Necr           N/A          50%         4    #####..
 Animate Skeleton         Necr           N/A          6%          1    ##.....
 Vampiric Draining        Necr           #.........   17%         3    ####...
 Regeneration             Chrm/Necr      #.........   38%         3    ####...


Dungeon Overview and Level Annotations

Branches:
Dungeon (1/15)

Altars:


Innate Abilities, Weirdness & Mutations

Your body is rotting away.
You thrive on raw meat.
You are immune to poison.
You have sharp fingernails.
You are carnivorous and can eat meat at any time.
Your flesh is cold resistant. (rC+)
You are immune to negative energy. (rN+++)
You do not regenerate when monsters are visible.
You are immune to unholy pain and torment.
You can survive without breathing.


Message History

Press: ? - help, Shift-Dir - straight line, f/p - dart slug
Aim: a dart slug (heavily wounded)
You throw a stone. The stone barely misses the dart slug.
Throwing (i - inventory)
e - 73 stones (quivered)
Press: ? - help, Shift-Dir - straight line, f/p - dart slug
Aim: a dart slug (heavily wounded)
You throw a stone. The stone barely misses the dart slug.
The dart slug launches a dart at you. The slug dart hits you!
* * * LOW HITPOINT WARNING * * *
Casting: Pain (safe; 6% risk of failure)
Confirm with . or Enter, or press ? or * to list all spells.
Aiming: Pain (safe; 6% risk of failure)
Press: ? - help, Shift-Dir - straight line, f/p - dart slug
Aim: a dart slug (heavily wounded, clinging, chance to defeat MR: 76%)
The dart slug writhes in agony!
The dart slug launches a dart at you. The slug dart hits you!
Ouch! That really hurt!
You die...

####### #.....#########
#.....##.#....#
#.....'..#@##.#
#.....##.#.##.# ###
#.....##.#.##.###########..
##'#####.#†##.#............
#.# #.#.w.w(............ #.#
#.#.................
#.#####......#..(.........
###............#............
#...#.####....##............


You could see a dart slug.

Vanquished Creatures
  2 hobgoblins (D:1)
  2 rats (D:1)
4 creatures vanquished.

Notes
Turn   | Place    | Note
-------+----------+-------------------------------------------
     0 | D:1      | pox the Ghoul Necromancer began the quest for the Orb.
     0 | D:1      | Reached XP level 1. HP: 14/14 MP: 2/2
   682 | D:1      | Killed from afar by a dart slug

Vault maps used:
D:1:      sevenhm_arrival_forest_fort_small_3

Action                   || total
-------------------------++-------
Melee: Unarmed           ||    11
       Club              ||     8
Throw: Stone             ||     5
 Cast: Pain              ||    10
  Eat: Ration            ||     1
Armor: Robe              ||     2
Dodge: Dodged            ||    14

Table legend:
 A = Spawn XP
 B = Non-spawn XP
 C = Spawn XP percentage of total XP
 D = Spawn monster count
 E = Non-spawn monster count
 F = Spawn count percentage of total count
 G = Total turns spent on level
                    A         B        C        D         E        F      G
               +---------+---------+-------+---------+---------+-------+---------
         Total |       0 |       6 |   0.0 |       0 |       4 |   0.0 |   682
               +---------+---------+-------+---------+---------+-------+---------
           D:1 |       0 |       6 |   0.0 |       0 |       4 |   0.0 |   682
               +---------+---------+-------+---------+---------+-------+---------
